 Dungeon Crawl Stone Soup version 0.30-a0-1163-gf69bf04e7a (webtiles) character file.

Game seed: 2795547194993202327

694 Turgor the Cudgeller (level 7, 0/64 HPs)
             Began as an Armataur Fighter on Apr 28, 2023.
             Was a Follower of Wu Jian.
             Slain by a shadow imp (2 damage)
             ... summoned by Eustachio
             ... on level 4 of the Dungeon.
             The game lasted 00:17:19 (3865 turns).

Turgor the Cudgeller (Armataur Fighter)             Turns: 3865, Time: 00:17:20

Health: 0/64       AC: 15    Str: 22    XL:     7   Next: 37%
Magic:  7/7        EV:  5    Int: 10    God:    Wu Jian [*.....]
Gold:   276        SH:  4    Dex:  9    Spells: 6/6 levels left

rFire   . . .        a - +0 flail (flame)
rCold   . . .        c - +0 buckler
rNeg    . . .        h - +2 scale mail {rPois}
rPois   +            o - +0 helmet
rElec   .            (no cloak)
rCorr   .            (no gloves)
SInv    .            A - +1 barding
Will    .....        (no amulet) Stlth
                     (no ring)
HPRegen 0.30/turn    (no ring)
MPRegen 0.10/turn

%: roll
@: no status effects
A: large, rugged brown scales 3, deformed body, armoured tail, roll, long
tongue, awkward tongue
a: Renounce Religion


You were on level 4 of the Dungeon.
You worshipped Wu Jian.
Wu Jian was aware of your devotion.
You visited 1 branch of the dungeon, and saw 4 of its levels.

You collected 276 gold pieces.

Inventory:

Hand Weapons
 a - a +0 flail of flaming (weapon)
 y - a +0 morningstar
 z - a +0 whip of draining
Missiles
 j - 3 silver boomerangs
 q - 28 stones (quivered)
 w - 12 poisoned darts
Armour
 c - a +0 buckler (worn)
 h - a +2 scale mail of poison resistance (worn)
 o - a +0 helmet (worn)
 A - a +1 barding (worn)
Magical Staves
 n - a staff of cold
Jewellery
 B - an amulet of faith
Wands
 u - a wand of charming (5)
Scrolls
 e - 2 scrolls of brand weapon
 i - 6 scrolls of teleportation {unknown}
 l - a scroll of magic mapping
 r - a scroll of enchant armour {unknown}
 t - a scroll of fog {unknown}
 v - a scroll of amnesia {unknown}
 x - a scroll of poison {unknown}
Potions
 d - a potion of might
 f - a potion of attraction
 g - 2 potions of brilliance
 k - 2 potions of haste
 m - 3 potions of mutation
 p - a potion of flight


   Skills:
 + Level 4.8 Fighting
 * Level 6.0 Maces & Flails
 - Level 4.0 Armour
 - Level 4.0 Shields


You had 6 spell levels left.
You didn't know any spells.
Your spell library contained the following spells:

 Spells                   Type           Power      Damage    Failure   Level
 Beastly Appendage        Tmut           0%         N/A       75%         1
 Shock                    Conj/Air       0%         1d3       75%         1
 Wereblood                Tmut           0%         N/A       87%         2
 Spider Form              Tmut/Pois      0%         N/A       98%         3
 Swiftness                Air            0%         N/A       98%         3
 Airstrike                Air            0%         2d(0-16)  100%        4


Dungeon Overview and Level Annotations

Branches:
Dungeon (4/15)             Temple (0/1) D:4

Altars:
Ashenzari
Fedhas
Makhleb
Nemelex Xobeh
Trog
Vehumet
Wu Jian

Shops:
D:4 (

Annotations:
D:4 Eustachio


Innate Abilities, Weirdness & Mutations

You are completely covered in rugged brown scales. (AC +3, +7% HP)
Armour fits poorly on your strangely shaped body.
You have a long armoured tail.
You roll when moving toward enemies. (Rampage)
Your long tongue fully drains potion bottles. (2x potion effects)
Your tongue gives you trouble enunciating. (1.5x scroll delay)


Message History

You closely miss Eustachio. You tail-slap Eustachio.
Eustachio is heavily wounded.
The shadow imp hits you but does no damage.
The river rat bites you.
The river rat bites you but does no damage.
Eustachio hits you but does no damage.
You miss Eustachio.
Eustachio is heavily wounded.
You block the shadow imp's attack. You block the river rat's attack.
The river rat bites you but does no damage.
Eustachio hits you with a +0 falchion.
The shadow imp hits you but does no damage.
You hit Eustachio. You burn Eustachio.
Eustachio is severely wounded.
The river rat bites you but does no damage. x2
Eustachio zaps a wand.
The bolt of dispelling energy hits you! The shadow imp hits you.
The river rat bites you but does no damage.
The river rat bites you.
You closely miss Eustachio.
Eustachio is severely wounded.
Eustachio zaps a wand.
The bolt of dispelling energy hits you!
* * * LOW HITPOINT WARNING * * *
The shadow imp barely misses you. The river rat bites you.
* * * LOW HITPOINT WARNING * * *
The river rat bites you but does no damage.
Eustachio barely misses you.
You hit Eustachio. You burn Eustachio.
Your tail-slap misses Eustachio.
Eustachio is severely wounded.
You block the shadow imp's attack. The river rat bites you.
* * * LOW HITPOINT WARNING * * *
The river rat bites you!
* * * LOW HITPOINT WARNING * * *
Eustachio hits you with a +0 falchion.
* * * LOW HITPOINT WARNING * * *
You sock Eustachio! You burn Eustachio.
Eustachio is almost dead.
The shadow imp grinds its teeth.
The shadow imp hits you.
You die...

......'...#........#
.....######........#
....##..#.##.......#
...##...#..##......#
..##....#...##.....#
.##.....#....##....#
##......#.....##..)#
#.......#......##@.#
...@........)..)@r.#
.............(.)r5.#
.........###########
........##
........########
..##....#......#
..#..##........#
.....####.....#######
...).# #...........##


You could see Eustachio, 2 river rats and a shadow imp (summoned).

Vanquished Creatures
  Duvessa (D:4)
  2 phantoms (D:4)
  2 scorpions (D:4)
  Dowan (D:4)
  An orc priest (D:4)
  An orc wizard (D:4)
  2 iguanas (D:4)
  An adder (D:4)
  4 gnolls (D:2)
  An ufetubus (D:4)
  2 dart slugs (D:4)
  12 orcs (D:4)
  8 endoplasms
  2 giant cockroaches
  4 goblins
  3 hobgoblins
  2 jackals (D:3)
  2 quokkas (D:2)
  7 ball pythons
  8 bats
  3 frilled lizards
  6 kobolds
  8 rats
83 creatures vanquished.

Vanquished Creatures (others)
  An ogre (D:4)
1 creature vanquished.

Grand Total: 84 creatures vanquished

Notes
Turn   | Place    | Note
-------+----------+-------------------------------------------
     0 | D:1      | Turgor the Armataur Fighter began the quest for the Orb.
     0 | D:1      | Reached XP level 1. HP: 19/19 MP: 1/1
   260 | D:1      | Reached skill level 2 in Maces & Flails
   440 | D:1      | Reached XP level 2. HP: 26/26 MP: 2/2
  1166 | D:2      | Reached XP level 3. HP: 25/33 MP: 3/3
  1278 | D:2      | Reached XP level 4. HP: 40/40 MP: 4/4
  1290 | D:2      | Found a faded altar of an unknown god.
  1506 | D:3      | Reached skill level 3 in Maces & Flails
  1743 | D:3      | Found a burning altar of Makhleb.
  2158 | D:3      | Found a bloodstained altar of Trog.
  2158 | D:3      | Found a sparkling altar of Nemelex Xobeh.
  2158 | D:3      | Found an ornate altar of the Wu Jian Council.
  2166 | D:3      | Became a worshipper of the Wu Jian Council
  2278 | D:4      | Noticed a phantom
  2278 | D:4      | Found Buhym's Weapon Shoppe.
  2363 | D:4      | Found a broken altar of Ashenzari.
  2503 | D:4      | Found a radiant altar of Vehumet.
  2836 | D:4      | Noticed Eustachio
  2851 | D:4      | Reached XP level 5. HP: 40/48 MP: 5/5
  2908 | D:4      | Killed a phantom
  2909 | D:4      | Reached skill level 4 in Maces & Flails
  2969 | D:4      | Reached XP level 6. HP: 48/55 MP: 6/6
  3017 | D:4      | Reached skill level 5 in Maces & Flails
  3211 | D:4      | Found a staircase to the Ecumenical Temple.
  3219 | D:4      | Reached * piety under Wu Jian
  3323 | D:4      | Reached XP level 7. HP: 52/64 MP: 7/7
  3381 | D:4      | Noticed Dowan
  3384 | D:4      | Noticed Duvessa
  3401 | D:4      | Killed Duvessa
  3405 | D:4      | Killed Dowan
  3596 | D:4      | Reached skill level 6 in Maces & Flails
  3728 | D:4      | Found a blossoming altar of Fedhas.
  3864 | D:4      | HP: 2/64 [river rat[Eustachio] (7)]
  3865 | D:4      | Slain by a shadow imp

Illustrated notes

Levels and vault maps discovered:
D:1:      dpeg_chamrin_arrival_tetris, layout_basic
D:2:      layout_rooms, hellmonk_ecumenical_altar_heavens_door,
          grunt_decor_arrowhead
D:3:      wad_pebble_path, layout_basic, marbit_many_paths,
          gammafunk_temple_overflow_claw
D:4:      layout_rooms, nicolae_vehumet_radiance, fedhas_altar_4,
          nicolae_ashenzari_panopticon, minmay_temple_entry_nine_rooms,
          serial_shops, shop_statue, minmay_cut_off, uniq_duvessa,
          uniq_eustachio

Skill      XL: |  1  2  3  4  5  6  7 |
---------------+----------------------+-----
Maces & Flails | 2 3 4 5 6 |  6.0
Fighting       | 3 4 |  4.8
Armour         | 4 |  4.0
Shields        | 4 |  4.0

Action                     |  1- 3 |  4- 6 |  7- 9 || total
---------------------------+-------+-------+-------++-------
  Melee: Flail             |    67 |   140 |    45 ||   252
         Tailslap          |     7 |    10 |     4 ||    21
  Throw: Stone             |       |     6 |     1 ||     7
  Evoke: Wand              |       |     1 |     1 ||     2
    Use: Scroll            |     3 |     4 |       ||     7
         Potion            |       |     3 |       ||     3
 Armour: Scale mail        |    26 |    70 |    28 ||   124
  Dodge: Dodged            |    26 |    35 |     9 ||    70
  Block: Buckler           |     8 |    20 |    12 ||    40

Table legend: (Time is in decaauts)
 A = Elapsed time spent in this place.
 B = Non-inter-level travel time spent in this place.
 C = Inter-level travel time spent in this place.
 D = Time resting spent in this place.
 E = Time spent auto-exploring this place.
 F = Levels seen in this place.
 G = Mean time per level.
                   A        B        C        D        E       F      G
               +--------+--------+--------+--------+--------+-----+--------+
         Total |   3914 |   3757 |    157 |    364 |   2471 |   4 |  978.5 |
       Dungeon |   3914 |   3757 |    157 |    364 |   2471 |   4 |  978.5 |
               +--------+--------+--------+--------+--------+-----+--------+

Top non-repeatable levels by time:
     D:4: 1344 daAuts
     D:3: 1107 daAuts
     D:1: 970 daAuts
     D:2: 491 daAuts
